 Dungeon Crawl Stone Soup version 0.21.1-1-g345015f (webtiles) character file.

37 letownia2 the Chiller (level 3, -3/24 HPs)
             Began as a Merfolk Ice Elementalist on Feb 15, 2018.
             Killed from afar by an orc wizard (8 damage)
             ... with a magic dart
             ... on level 3 of the Dungeon.
             The game lasted 00:04:07 (660 turns).

letownia2 the Chiller (Merfolk Ice Elementalist)     Turns: 660, Time: 00:04:08

Health: -3/24      AC:  3    Str:  8    XL:     3   Next: 41%
Magic:  3/6        EV: 12    Int: 15    God:
Gold:   15         SH:  0    Dex: 14    Spells: 2/6 levels left

rFire    . . .     SeeInvis .   m - +0 dagger (elec)
rCold    . . .     Gourm    .   (no shield)
rNeg     . . .     Faith    .   e - +0 leather armour
rPois    .         Spirit   .   (no helmet)
rElec    .         Reflect  .   (no cloak)
rCorr    .         Harm     .   (no gloves)
MR       .....                  (no boots)
Stlth    ++........             (no amulet)
HPRegen  0.08/turn              (no ring)
MPRegen  0.10/turn              (no ring)

@: slowed, very slow
A: change form in water, swift swim, stealthy swim
a: no special abilities


You were on level 3 of the Dungeon.
You were not hungry.

You visited 1 branch of the dungeon, and saw 3 of its levels.

You collected 15 gold pieces.

Inventory:

Hand Weapons
 m - a +0 dagger of electrocution (weapon)
Missiles
 g - 5 javelins (quivered)
 k - 37 bolts
Armour
 a - a +0 robe
 e - a +0 leather armour (worn)
Scrolls
 f - 2 scrolls of remove curse {unknown}
 i - a scroll of fog {unknown}
 j - 4 scrolls of teleportation {unknown}
Potions
 d - a potion of might {unknown}
 l - a potion of berserk rage {unknown}
Books
 b - a book of Frost

   Spells                             Type                      Level
   a - Freeze                         Ice                          1
   b - Throw Frost                    Conjuration/Ice              2
   c - Ozocubu's Armour               Charms/Ice                   3
   d - Throw Icicle                   Conjuration/Ice              4
   e - Summon Ice Beast               Ice/Summoning                4
Comestibles
 c - 5 rations
 h - 3 chunks of flesh


   Skills:
 - Level 2.6 Dodging
 - Level 2.1 Stealth
 - Level 2.0 Spellcasting
   Level 0.7 Conjurations
 + Level 0.4 Charms
 + Level 4.7 Ice Magic


You had 2 spell levels left.
You knew the following spells:

 Your Spells              Type           Power        Failure   Level  Hunger
a - Freeze                Ice            ###.         4%          1    #......
o - Ozocubu's Armour      Chrm/Ice       #.......     32%         3    ###....


Dungeon Overview and Level Annotations

Branches:
Dungeon (3/15)

Altars:
Fedhas


Message History

Aiming: Freeze
Press: ? - help, Shift-Dir - straight line, f/p - orc wizard
Aim: an orc wizard, wielding a dagger and wearing a robe (severely wounded, fast)
You freeze the orc wizard.
The orc wizard is severely wounded.
The orc wizard closely misses you. The orc wizard misses you.
The orc wizard hits you with a dagger.
Casting: Freeze
Confirm with . or Enter, or press ? or * to list all spells.
Aiming: Freeze
Press: ? - help, Shift-Dir - straight line, f/p - orc wizard
Aim: an orc wizard, wielding a dagger and wearing a robe (severely wounded, fast)
You freeze the orc wizard.
The orc wizard is almost dead.
The orc wizard points at you and mumbles some strange words.
The magic dart hits you!
* * * LOW HITPOINT WARNING * * *
The orc wizard points at you and mumbles some strange words.
The magic dart hits you!
You die...

# ##### #.#####...###
. #.....#....<# ##....
........(.o@###.....#.
####.#.###..........
#...## ##)###...#
#.####..## ##.##..####
#.......# #......oo.
##..##..## ##.##..###.
..........## ##.## .#
###..###...###.## # #.
####...##


You could see an orc wizard.

Vanquished Creatures
  An adder (D:3)
  2 dart slugs (D:1)
  A leopard gecko (D:1)
  3 orcs
  A goblin (D:2)
  2 hobgoblins (D:1)
  2 kobolds
  A quokka (D:3)
  5 bats
  A frilled lizard (D:1)
  A rat (D:1)
20 creatures vanquished.

Notes
Turn   | Place    | Note
-------+----------+-------------------------------------------
     0 | D:1      | letownia2 the Merfolk Ice Elementalist began the quest for the Orb.
     0 | D:1      | Reached XP level 1. HP: 13/13 MP: 3/3
   136 | D:1      | Reached XP level 2. HP: 16/19 MP: 0/5
   173 | D:1      | Reached skill level 4 in Ice Magic
   260 | D:2      | Found a blossoming altar of Fedhas.
   416 | D:3      | Reached XP level 3. HP: 24/24 MP: 2/6
   421 | D:3      | Learned a level 3 spell: Ozocubu's Armour
   660 | D:3      | Killed from afar by an orc wizard

Skill      XL: |  1  2 |
---------------+-------+-----
Ice Magic      | 4 |  4.7
Dodging        | |  2.6
Stealth        | |  2.1
Spellcasting   | |  2.0
Conjurations   | |  0.7
Charms         | |  0.4

Action                   || total
-------------------------++-------
Melee: Unarmed           ||    24
       Dagger            ||     6
Throw: Javelin           ||     3
 Cast: Freeze            ||    38
Armor: Leather armour    ||    25
Dodge: Dodged            ||    35
